[Event "Early-Titled-Tuesday-Blitz-September-12-2023"]
[Site "Chess.com"]
[Date "2023.09.12"]
[Round "1"]
[White "Hasangatin_Ramil"]
[Black "Gogolev_Artemy"]
[Result "1-0"]
[WhiteElo "2735"]
[BlackElo "2415"]
[TimeControl "180+1"]
[EndTime "8:08:35 PDT"]
[Termination "Hasangatin_Ramil won on time"]

1. e4 c6 2. Nf3 d5 3. d3 g6 4. Qe2 Bg7 5. g3 Nf6 6. Bg2 O-O 7. O-O Bg4 8. Nbd2 Na6 9. h3 Bxf3 10. Nxf3 Nc5 11. e5 Nfd7 12. d4 Ne4 13. Kh2 f6 14. exf6 exf6 15. Nd2 f5 16. c3 Re8 17. Qd3 Ndf6 18.
Nf3 h6 19. Bf4 Nd7 20. c4 dxc4 21. Qxc4+ Kh7 22. Rad1 Nb6 23. Qb3 Qd5 24. Qc2 Qxa2 25. Ne5 Nd6 26. h4 Qe6 27. Rfe1 Qf6 28. Qc5 Rad8 29. Qa5 Ra8 30. Rd3 Ne4 31. Rxe4 fxe4 32. Bxe4 Re6 33. h5 Kg8 34. hxg6 Qe7 35. Kg2 Rf8 36. Qxa7 Nd7 37. Qxb7 Nxe5 38. Qxe7 Rxe7 39. dxe5 Bxe5 40. Bxh6 Rb8 41. b3 c5 42. Bd5+ Kh8 43.
Re3 Bf6 44. Bf4 Rxe3 45. Bxe3 Bd4 46. Bf4 Rd8 47. Bf7 Kg7 48. Kf3 Rd7 49. g4 Bf6 50.
Be3 Bd4 51. Bf4 Bf6 52. Bg3 Rd3+ 53. Ke4 Rd4+ 54. Ke3 Rd7 55. f4 Bd4+ 56. Kf3 Re7 57. Bf2 Bxf2 58. Kxf2 Kf6 59. Kf3 Rd7 60. Bc4 Kxg6 61.
g5 Rd4 62. Kg4 Kg7 63. Kf5 1-0

[Event "Early-Titled-Tuesday-Blitz-September-12-2023"]
[Site "Chess.com"]
[Date "2023.09.12"]
[Round "1"]
[White "lioni26"]
[Black "Rickstereo"]
[Result "1/2-1/2"]
[WhiteElo "2563"]
[BlackElo "2314"]
[TimeControl "180+1"]
[EndTime "8:08:35 PDT"]
[Termination "Game drawn - insufficient material"]

1. e4 e6 2. d4 d5 3. Nd2 dxe4 4.
Nxe4 Nd7 5. Nf3 Ngf6 6. Nxf6+ Nxf6 7. Bd3 c5 8. dxc5 Bxc5 9. Qe2 a6 10. Bg5 Qa5+ 11.
Bd2 Bb4 12. c3 Be7 13. O-O Bd7 14. Ne5 Rd8 15. b4 Qc7 16. a3 O-O 17. c4 Ba4 18. Rfe1 Rd4 19. Bc3 Rh4 20. g3 Rh5 21. f4 Rh6 22. Rac1 Bc6 23. Bb1 Rd8 24. Rcd1 Ba4 25. Rxd8+ Qxd8 26. Bc2 Bxc2 27. Qxc2 Qb6+ 28. c5 Qb5 29.
Qd3 Qxd3 30. Nxd3 Nd5 31. Bd2 Rh5 32. a4 g5 33. fxg5 Bxg5 34. Bxg5 Rxg5 35. b5 axb5 36.
axb5 Rg4 37. Kf2 Rc4 38. Ra1 Nc3 39. c6 bxc6 40. b6 Ne4+ 41. Ke3 Nd6 42. Ra7 Rc3 43. b7 Nxb7 44. Rxb7 Rc2 45. h4 Kg7 46. Ne5 Kf6 47.
Nxf7 c5 48. Nd6 Ke5 49. Nb5 Rb2 50. g4 Rb3+ 51. Kf2 c4 52. Rxh7 Kf4 53. Nd4 Rb2+ 54. Ne2+ Kxg4 55. h5 Kg5 56. h6 Kg6 57. Rh8 e5 58. Ke3 Rb1 59. Nc3 Rh1 60. Re8 Rh3+ 61. Kd2 Rd3+ 62. Kc2 Kxh6 63. Rxe5 Rh3 64. Re4 Rh2+ 65.
Kc1 Rh1+ 66. Kd2 Rh2+ 67. Ke3 Rc2 68. Rxc4 Rc1 69. Kd3 Rh1 70. Rc5 Rh4 71. Ne4 Rh3+ 72. Kd4 Kg7 73. Ke5 Rh5+ 74. Kd4 Rxc5 75. Nxc5 1/2-1/2

[Event "Early-Titled-Tuesday-Blitz-September-12-2023"]
[Site "Chess.com"]
[Date "2023.09.12"]
[Round "1"]
[White "AndreiITrifan"]
[Black "Aleksandar-Topalov"]
[Result "1/2-1/2"]
[WhiteElo "2627"]
[BlackElo "2343"]
[TimeControl "180+1"]
[EndTime "8:08:36 PDT"]
[Termination "Game drawn - insufficient material"]

1. Nf3 e6 2. e3 f5 3. b3 Nf6 4.
Bb2 Be7 5. c4 O-O 6. Nc3 d6 7.
d4 Nc6 8. Qc2 e5 9. dxe5 dxe5 10. Rd1 Qe8 11. a3 e4 12. Nd4 Nxd4 13. Rxd4 c6 14.
Be2 Be6 15. O-O Qf7 16. Rfd1 Rfd8 17. Rxd8+ Rxd8 18. Rxd8+ Bxd8 19. Qd2 Be7 20. Qd4 b6 21. g3 Nd7 22. Qd2 Nc5 23. Qc2 Bf6 24. b4 Nd3 25. Bxd3 exd3 26. Qxd3 Bxc4 27. Qxf5 Bxc3 28. Qxf7+ Kxf7 29. Bxc3 g5 30. f3 h5 31. h3 Be6 32. g4 hxg4 33. hxg4 Bd5 34. Kf2 Ke6 35. e4 Bb3 36. Bd4 Bd1 37. Ke3 Kf7 38. Be5 c5 39.
Bb8 cxb4 40. axb4 a5 41. bxa5 bxa5 42. Bd6 Ke6 43. Ba3 a4 44. Bb4 Kf7 45. Kf2 Ke6 46.
Kg3 Bc2 47. Ba3 Kf7 48. Bc1 Kg6 49. Kf2 Kf6 50. Ke3 Bd1 51. Bb2+ Ke6 52. Kf2 Kf7 53.
Ba1 Ke6 54. Bb2 Kf7 55. Ke3 Ke6 56. f4 Bxg4 57. fxg5 Bh5 58. Kf4 Bg6 59. e5 Bh7 60. Kg4 Bg6 61. Kf4 Bh7 62. Kg4 Bg6 63. Kh4 Kf5 64.
Ba1 Bf7 65. Bb2 Bg6 66. Ba1 a3 67. Kg3 Kxg5 68. e6 Kf5 69. e7 Be8 70. Kf2 a2 71. Ke3 Ke6 72. Kd2 Kxe7 73. Kc1 Ke6 74. Bc3 Bg6 75. Kb2 a1=Q+ 76. Kxa1 1/2-1/2

[Event "Early-Titled-Tuesday-Blitz-September-12-2023"]
[Site "Chess.com"]
[Date "2023.09.12"]
[Round "1"]
[White "Chessdreamer2020"]
[Black "Jospem"]
[Result "0-1"]
[WhiteElo "2534"]
[BlackElo "3113"]
[TimeControl "180+1"]
[EndTime "8:08:38 PDT"]
[Termination "Jospem won on time"]

1. e4 c5 2. Nf3 d6 3. d4 cxd4 4. Qxd4 a6 5. Be2 Nc6 6. Qe3 g6 7. h3 Bg7 8. O-O Nf6 9. c4 O-O 10.
Nc3 Be6 11. Rd1 Nd7 12. Rb1 Qa5 13. a3 Rac8 14. b4 Qd8 15. Bb2 Nce5 16. Nxe5 Nxe5 17. c5 Qc7 18. Na4 Rcd8 19. cxd6 exd6 20. Rbc1 Qe7 21. Nb6 Rfe8 22. f4 Ng4 23. Qd2 Nf6 24. Bf3 Bb3 25.
Re1 Be6 26. f5 Bd7 27. fxg6 hxg6 28. Rc7 Qe6 29. Bxf6 Bxf6 30. Bg4 Qe5 31. Nxd7 Qd4+ 32. Qxd4 Bxd4+ 33. Kh1 f5 34. Rd1 Rxe4 35. Bf3 Rh4 36. g3 Rxh3+ 37. Kg2 Rh7 38. Rxd4 Rdxd7 39. Rxd7 Rxd7 40.
Bd5+ Kg7 41. Rc4 Kf6 42. Rc8 Ke5 43. Bf3 d5 44. Rg8 Rd6 45. Rg7 b5 46. Re7+ Kd4 47.
g4 Kc3 48. g5 d4 49. Rf7 d3 50.
Rf6 Rd8 51. Rxg6 d2 52. Rxa6 Rd3 53. Bd1 Kb2 54. g6 Rd7 55. Rf6 Kc1 56. Bf3 Rd3 57.
Be2 Re3 58. Kf2 Re7 59. Rc6+ Kb2 60. Bf3 Rd7 61. Rf6 Kxa3 62. Be2 d1=Q 63. Bxd1 Rxd1 64. Rxf5 Rd8 65. g7 Rg8 66. Rg5 Kxb4 67. Ke3 Ka4 68. Kd4 b4 69. Kc4 b3 70. Rg1 b2 71. Kd5 Rxg7 0-1

[Event "Early-Titled-Tuesday-Blitz-September-12-2023"]
[Site "Chess.com"]
[Date "2023.09.12"]
[Round "1"]
[White "Mops_2004"]
[Black "Smiechu"]
[Result "1/2-1/2"]
[WhiteElo "2743"]
[BlackElo "2436"]
[TimeControl "180+1"]
[EndTime "8:08:40 PDT"]
[Termination "Game drawn by repetition"]

1. g3 Nf6 2. Bg2 c5 3. c4 Nc6 4. Nc3 g6 5. Nf3 Bg7 6. d4 cxd4 7. Nxd4 O-O 8. O-O d6 9. Nc2 Be6 10. b3 Qd7 11. Bb2 Bh3 12. Ne3 Bxg2 13. Kxg2 Ne4 14. Qc1 Nxc3 15. Bxc3 Bxc3 16. Qxc3 a6 17. a4 a5 18. Nd5 Rad8 19. e4 Qe6 20. Rae1 Qe5 21. Qe3 e6 22. Nc3 Qc5 23. Qd3 Nd4 24. Rb1 Rfe8 25.
Rfd1 Nc6 26. f4 Nb4 27. Qd2 d5 28. cxd5 exd5 29. Nxd5 Nxd5 30. exd5 Rd6 31. Rbc1 Qb6 32. Rc3 Qa6 33. Re3 Red8 34. Rd3 Qb6 35. Qf2 Qb4 36.
Qf3 b5 37. Rd4 Qc5 38. R1d2 bxa4 39. bxa4 Rb8 40. f5 Rbb6 41. fxg6 hxg6 42. Rf4 Rb7 43. h4 Qc7 44. h5 g5 45. Rf5 Qe7 46. Re2 Qd8 47.
Qg4 f6 48. Qf3 Rbd7 49. Re6 Rxe6 50. dxe6 Rd2+ 51. Kh3 Kg7 52. Qe3 Rd4 53. e7 Qd7 54.
e8=Q Qxf5+ 55. Kh2 Qc2+ 56. Kh3 Qf5+ 57. g4 Qxg4+ 58.
Kh2 Qh4+ 59. Kg2 Rg4+ 60. Kf1 Qh1+ 61. Ke2 Rg2+ 62. Kd3 Qd1+ 63. Kc4 Rc2+ 64. Kb5 Qd5+ 65. Kb6 Rb2+ 66. Ka6 Qb7+ 67. Kxa5 Qc7+ 68. Ka6 Qb7+ 69.
Ka5 Qc7+ 70. Ka6 Qb7+ 71. Ka5 1/2-1/2

[Event "Early-Titled-Tuesday-Blitz-September-12-2023"]
[Site "Chess.com"]
[Date "2023.09.12"]
[Round "1"]
[White "MITerryble"]
[Black "KingCyber19"]
[Result "1-0"]
[WhiteElo "2927"]
[BlackElo "2510"]
[TimeControl "180+1"]
[EndTime "8:08:42 PDT"]
[Termination "MITerryble won by resignation"]

1. d4 d5 2. Nf3 Nf6 3. c4 c6 4. Nc3 e6 5. Bg5 Nbd7 6. e3 Qa5 7. Bxf6 Nxf6 8. Nd2 Bb4 9. Qc2 O-O 10. Bd3 Bxc3 11. bxc3 Re8 12. O-O e5 13. cxd5 cxd5 14. Rab1 e4 15.
Be2 Qc7 16. Rfc1 Bg4 17. Bf1 Be6 18. h3 Rac8 19. c4 dxc4 20. Bxc4 Bxc4 21. Nxc4 a6 22. a4 Re6 23. d5 Nxd5 24. Qd2 Rc6 25. Qxd5 Rxc4 26. Rxc4 Qxc4 27. Qxb7 h6 28. a5 Rd8 29.
Rb6 Rd1+ 30. Kh2 Rd2 31. Qb8+ Kh7 32. Qf4 Qd5 33. Rxa6 Ra2 34. Ra7 Kg8 35. a6 Qe6 36. Ra8+ Kh7 37. a7 Qd7 38. Qxe4+ f5 39. Qd4 Qc7+ 40. Qf4 Qd7 41. Rf8 Rxa7 42. Qxf5+ Qxf5 43. Rxf5 Kg6 44. Rf4 Ra5 45. Kg3 h5 46. h4 Kh6 47.
Kf3 g6 48. Rf7 Ra2 49. g3 Ra8 50. e4 Re8 51. Kf4 Re6 52. f3 Rd6 53. Rc7 Rf6+ 54. Ke3 Re6 55. Rc3 Kg7 56. Kd4 Kf6 57. f4 Rd6+ 58.
Ke3 Rd1 59. Rd3 Re1+ 60. Kd4 Ke6 61. Rb3 Rd1+ 62. Ke3 Rd6 63. Rb5 Rc6 64. f5+ gxf5 65. Rxf5 Rc3+ 66. Kf4 Rc1 67. Rxh5 Rf1+ 68. Kg4 Rf8 69.
Rf5 Rg8+ 70. Kf4 Rh8 71. h5 Rh6 72. g4 Rh7 73. Re5+ Kf6 74. Ra5 Kg7 75. Ra7+ Kh6 76.
Rxh7+ Kxh7 77. g5 1-0

[Event "Early-Titled-Tuesday-Blitz-September-12-2023"]
[Site "Chess.com"]
[Date "2023.09.12"]
[Round "1"]
[White "ckgchess"]
[Black "Herzog2012"]
[Result "1-0"]
[WhiteElo "2860"]
[BlackElo "2483"]
[TimeControl "180+1"]
[EndTime "8:08:43 PDT"]
[Termination "ckgchess won by resignation"]

1. e4 c5 2. c3 Nf6 3. e5 Nd5 4. d4 cxd4 5. Bc4 Nb6 6. Bb3 d6 7. Nf3 Nc6 8. exd6 Qxd6 9. O-O Be6 10. Bxe6 Qxe6 11. Re1 Qd7 12. cxd4 e6 13. Nc3 Be7 14.
Qe2 O-O 15. Be3 Nd5 16. Red1 Rac8 17. Rac1 Rfd8 18. Ne4 a6 19. h3 Qe8 20. a3 Na5 21.
Ne5 Nc6 22. Nd3 f6 23. Ndc5 Bxc5 24. dxc5 Qe7 25. Nd6 Rc7 26. b4 Rcd7 27. Qf3 Ne5 28. Qe4 Nc7 29. a4 Nd5 30. Bd2 Nf7 31. Nc4 Nxb4 32.
Qe2 Nc6 33. Re1 Nfe5 34. Nxe5 Nxe5 35. Rc2 Nd3 36. Qxe6+ Qxe6 37. Rxe6 Nxc5 38. Rxc5 Rxd2 39. Rb6 R2d7 40. Rc3 Re8 41. Rg3 Ree7 42. Rxf6 g6 43. Rb6 Kg7 44. Rgb3 Kf7 45. g3 Rc7 46. Kg2 Red7 47.
h4 Ke7 48. h5 gxh5 49. Rh6 Kd8 50. Rxh5 Rc4 51. a5 Kc7 52. Rf3 Rc6 53. Rf8 Rcd6 54.
Rh8 Kc6 55. f4 Rd5 56. Rh6+ Kb5 57. R8xh7 Kxa5 58. Rxd7 Rxd7 59. g4 b5 60. g5 b4 61.
Kf3 b3 62. Rh1 Kb4 63. f5 a5 64. g6 Rg7 65. Kf4 a4 66. Kg5 a3 67. f6 Rg8 68.
f7 Ra8 69. g7 Ra5+ 70. Kg4 1-0

[Event "Early-Titled-Tuesday-Blitz-September-12-2023"]
[Site "Chess.com"]
[Date "2023.09.12"]
[Round "1"]
[White "colegiodemadrid"]
[Black "PLAYER_2006_M"]
[Result "0-1"]
[WhiteElo "2483"]
[BlackElo "2858"]
[TimeControl "180+1"]
[EndTime "8:08:43 PDT"]
[Termination "PLAYER_2006_M won by resignation"]

1. e4 e5 2. Nf3 Nc6 3. Bc4 Nf6 4. d4 exd4 5. e5 d5 6. Bb5 Ne4 7. Nxd4 Bd7 8. Bxc6 bxc6 9. O-O Bc5 10. Be3 Bb6 11.
f3 Ng5 12. f4 Ne4 13. a4 a5 14. Nd2 c5 15. N4f3 Nxd2 16. Qxd2 d4 17. Bf2 O-O 18. c3 Bc6 19. cxd4 Bxf3 20. gxf3 cxd4 21. Qd3 Re8 22. Bg3 h5 23. f5 Qg5 24. Qe4 h4 25. Qxh4 Qxf5 26.
Qe4 Qxe4 27. fxe4 Rad8 28. Kf2 d3+ 29. Kf3 Bd4 30. Rac1 d2 31. Rxc7 Bxe5 32. Bxe5 d1=Q+ 33. Rxd1 Rxd1 34. Bc3 Rf1+ 35. Kg2 Rf4 36. Rc4 Rfxe4 37. Rc5 Rxa4 38. Rg5 g6 39. Kf3 Rb8 40. Rd5 Ra2 41. h4 a4 42. Ra5 a3 43. bxa3 Kh7 44.
Bb4 Rb7 45. h5 gxh5 46. Rxh5+ Kg6 47. Rh4 Rd7 48. Rg4+ Kh5 49. Rc4 f5 50. Rc8 Rd3+ 51.
Kf4 Rf2+ 52. Ke5 Rd7 53. Bc5 Rf1 54. Rh8+ Kg4 55. Rg8+ Kf3 56. Kxf5 Rd5+ 57. Ke6 Rxc5 58. Rf8+ Ke2 59. Rxf1 Kxf1 60. Kd6 Ra5 0-1

[Event "Early-Titled-Tuesday-Blitz-September-12-2023"]
[Site "Chess.com"]
[Date "2023.09.12"]
[Round "1"]
[White "Dr_crypt"]
[Black "WaybackBoy"]
[Result "0-1"]
[WhiteElo "2405"]
[BlackElo "2717"]
[TimeControl "180+1"]
[EndTime "8:08:45 PDT"]
[Termination "WaybackBoy won by checkmate"]

1. d4 Nf6 2. Nf3 g6 3. c4 Bg7 4. Nc3 O-O 5. e4 d6 6. h3 c5 7. Be3 Qa5 8. Qd2 cxd4 9. Nxd4 Nc6 10. Be2 Nxd4 11. Bxd4 Bd7 12. Bxf6 Bxf6 13. Rc1 Bg5 14. f4 Bh4+ 15. Kf1 Qc5 16. Nd1 Bc6 17. Bf3 f5 18. b4 Qb6 19. c5 dxc5 20. bxc5 Qa6+ 21. Be2 Qa3 22. Rc3 Qb4 23. e5 Rad8 24. Qc1 Rd4 25. Kg1 Rxf4 26. g3 Qd4+ 27. Qe3 Bxh1 28. gxf4 Qxe3+ 29. Nxe3 Bc6 30. Ng2 g5 31. Nxh4 gxh4 32.
Bc4+ Kg7 33. Rd3 Kh6 34. Kf2 Rc8 35. Bd5 Bb5 36. Rc3 Rc7 37. a4 Bxa4 38. Ra3 Rxc5 39.
Rxa4 Rxd5 40. Rxa7 Rb5 41. Ra8 Rb3 42. Re8 Rb4 43. Kf3 Rb3+ 44. Kf2 Rxh3 45. Rxe7 b5 46. Re6+ Kh5 47. Rb6 Kg4 48. e6 Kxf4 49. e7 Re3 50.
Rxb5 Rxe7 51. Rb4+ Re4 52. Rb7 h5 53. Rb3 Kg4 54. Rb8 Rf4+ 55. Kg2 h3+ 56. Kh2 Rf2+ 57. Kg1 Rg2+ 58. Kh1 Rc2 59. Rb4+ f4 60. Rb3 h4 61. Ra3 Re2 62. Rb3 Re3 63. Rb2 Kg3 64. Kg1 Re1# 0-1

[Event "Early-Titled-Tuesday-Blitz-September-12-2023"]
[Site "Chess.com"]
[Date "2023.09.12"]
[Round "1"]
[White "HanSchut"]
[Black "Dixit_Nikhil"]
[Result "0-1"]
[WhiteElo "2253"]
[BlackElo "2574"]
[TimeControl "180+1"]
[EndTime "8:08:46 PDT"]
[Termination "Dixit_Nikhil won by resignation"]

1. e4 Nc6 2. Nf3 d6 3. Bc4 Nf6 4. Nc3 g6 5. h3 Bg7 6. d4 O-O 7.
Be3 a6 8. Qd2 b5 9. Bd5 Nxd5 10.
exd5 Na5 11. b3 c6 12. O-O cxd5 13. Nxd5 Nc6 14. a4 Bb7 15. axb5 axb5 16. Rxa8 Bxa8 17.
c4 bxc4 18. bxc4 e6 19. Nc3 Ne7 20. Ne1 Qd7 21. Nd3 Nf5 22. Rc1 Nh4 23. Ne1 Rc8 24. Nb5 Bxg2 25. Qb4 Bf8 26. Nxg2 Nf3+ 27. Kf1 e5 28. d5 Qxh3 29. Na7 Ra8 30. Qb7 Rxa7 31. Qxa7 Qh1+ 32. Ke2 Qxg2 33. c5 Qg4 34. Qb8 Nd4+ 35.
Kd3 Qe2+ 36. Kc3 dxc5 37. Bxd4 exd4+ 38. Kb3 d3 39. Qb5 Qe4 40. Rd1 Qxd5+ 41. Qc4 Qf5 42. Rxd3 Qxf2 43. Rd8 Qf6 44. Rc8 Qe6 45. Qxe6 fxe6 46.
Kc4 Kf7 47. Rc7+ Be7 48. Kd3 h5 49. Ke4 h4 50. Kf4 g5+ 51. Kg4 Kf6 52. Rc6 Ke5 53. Rc8 Kd5 54. Re8 Bd6 55. Kxg5 h3 56. Rh8 h2 57.
Kg4 c4 58. Kf3 c3 59. Ke2 Kd4 60. Rh4+ Kd5 61. Kd3 Be5 62. Kc2 Kd6 63. Kd3 Ke7 64.
Kc2 Kf6 65. Kd3 Kg5 66. Rh7 Kg4 67. Ke4 c2 0-1

[Event "Early-Titled-Tuesday-Blitz-September-12-2023"]
[Site "Chess.com"]
[Date "2023.09.12"]
[Round "1"]
[White "LionKing2367890"]
[Black "vladgoncharov"]
[Result "1-0"]
[WhiteElo "2229"]
[BlackElo "2552"]
[TimeControl "180+1"]
[EndTime "8:08:47 PDT"]
[Termination "LionKing2367890 won on time"]

1. e4 e6 2. d4 d5 3. exd5 exd5 4. Bd3 Nc6 5. c3 Bd6 6. Ne2 Nge7 7. O-O h6 8. h3 O-O 9. Nd2 Bf5 10. Nb3 Bxd3 11. Qxd3 Ng6 12. f4 f5 13. Ng3 Nce7 14. Bd2 c6 15.
Rae1 Qc7 16. Nc5 Bxc5 17. dxc5 Rae8 18. Re6 Kh7 19. Rfe1 Qd7 20. c4 Rd8 21. Rd6 dxc4 22. Rxd7 cxd3 23. Rdxe7 Nxe7 24. Rxe7 b6 25. Nh5 Kg6 26.
Nxg7 Rd5 27. Rxa7 Rxc5 28. Ne6 Re8 29. Nxc5 bxc5 30. Rd7 c4 31. b3 Re2 32. Bc3 Rc2 33. Ba5 Rxa2 34. bxc4 Rxa5 35. Rxd3 Rc5 36. Rc3 Kf6 37.
Kf2 Ra5 38. Ke3 Ra2 39. Kf3 h5 40. Rd3 Ke6 41. c5 h4 42. Rd6+ Ke7 43. Rxc6 Ra3+ 44. Kf2 Ra2+ 45. Ke3 Rxg2 46. Rh6 Rg3+ 47. Kd4 Rxh3 48.
Ke5 Kd7 49. Kxf5 Rc3 50. Rxh4 Ke7 51. Kg6 Rxc5 52. f5 Rc6+ 53. Kg7 Rc1 54. Re4+ Kd7 55. f6 Rg1+ 56. Kf7 Rf1 57. Kg7 Rg1+ 58. Kf8 Rg6 59. f7 Rg1 60. Re2 Rg3 61. Re7+ Kd8 62. Ra7 Rg1 63.
Ra5 Kd7 64. Rd5+ Kc7 65. Rd4 Rg2 66. Ke7 Re2+ 67. Kf6 Rf2+ 68. Ke6 Re2+ 69. Kf5 Rf2+ 70.
Rf4 1-0

[Event "Early-Titled-Tuesday-Blitz-September-12-2023"]
[Site "Chess.com"]
[Date "2023.09.12"]
[Round "1"]
[White "viktorskliarov"]
[Black "FuenfgegenWilly"]
[Result "1-0"]
[WhiteElo "2654"]
[BlackElo "2352"]
[TimeControl "180+1"]
[EndTime "8:08:48 PDT"]
[Termination "viktorskliarov won by resignation"]

1. e4 e5 2. Nc3 Nf6 3. Bc4 Nxe4 4. Qh5 Nd6 5. Bb3 Be7 6. Qxe5 O-O 7. d4 Nc6 8. Qf4 Bf6 9. Nge2 Ne7 10. g3 Ng6 11. Qf3 Rb8 12. h4 Re8 13. Be3 b5 14. Nd5 Bb7 15.
h5 Nf8 16. Nxf6+ Qxf6 17. Qxf6 gxf6 18. Rh4 Ne6 19. Kd2 Ne4+ 20. Ke1 f5 21. f3 Nf6 22.
Kf2 Nd5 23. Bh6 f6 24. c3 Kf7 25. Bc2 Ne7 26. Nf4 Rg8 27. Nxe6 dxe6 28. Bf4 Nd5 29. Re1 Rbc8 30. Bd2 c5 31. dxc5 Rxc5 32. Bd3 a6 33. a4 Ne7 34. axb5 axb5 35. Rb4 Rd8 36. Rd4 Rxd4 37. cxd4 Rd5 38. Be3 Nc6 39. Rc1 Ke7 40. Rc5 Rxc5 41. dxc5 b4 42. g4 fxg4 43. fxg4 Ne5 44.
Be2 Bd5 45. Bd4 Nf7 46. Bf3 Bxf3 47. Kxf3 e5 48. Be3 b3 49. Ke4 Ke6 50. c6 Nd6+ 51.
Kd3 Kd5 52. c7 e4+ 53. Kc3 Nb5+ 54. Kxb3 Nxc7 55. Kc3 Nb5+ 56. Kd2 Nd6 57. Ke2 Nc4 58. Bc1 Ke5 59. b3 Nd6 60. Bb2+ Ke6 61. Ke3 h6 62. Kf4 f5 63. gxf5+ Nxf5 64. b4 e3 65. Kf3 Kd5 66. Bc1 Kc4 67. Bxe3 Kxb4 68. Bxh6 Nxh6 69. Kf4 Kc5 70.
Kg5 Nf7+ 71. Kg6 Ne5+ 72. Kf5 Kd5 73. h6 Nf7 74. h7 Nh6+ 75. Kg6 Nf7 76. Kxf7 1-0

[Event "Early-Titled-Tuesday-Blitz-September-12-2023"]
[Site "Chess.com"]
[Date "2023.09.12"]
[Round "1"]
[White "arminmusovic"]
[Black "IMSlavin"]
[Result "1-0"]
[WhiteElo "2561"]
[BlackElo "2194"]
[TimeControl "180+1"]
[EndTime "8:08:49 PDT"]
[Termination "arminmusovic won by resignation"]

1. a3 Nf6 2. Nc3 Nc6 3. d4 d6 4. Bg5 Bf5 5. f3 e5 6. dxe5 dxe5 7. e4 Be6 8. Bb5 Be7 9. Bxc6+ bxc6 10. Qxd8+ Rxd8 11. Nge2 h6 12. Bd2 O-O 13. O-O-O Rd7 14. Be3 a6 15. Na4 Rfd8 16. Rxd7 Nxd7 17. Rd1 Rb8 18.
Nec3 Kf8 19. b4 Ke8 20. Bc5 Nxc5 21. Nxc5 Bxc5 22. bxc5 Bc4 23. Kd2 Rd8+ 24. Ke3 Rb8 25. Rb1 Rxb1 26. Nxb1 Ke7 27. Nd2 Bb5 28. g3 Ke6 29.
Nb1 f5 30. Nc3 g6 31. Na2 Ba4 32. Kd2 g5 33. Nb4 a5 34. Nd3 f4 35. Nb2 Bb5 36. c4 Ba6 37. g4 Kf6 38. h3 Ke7 39.
Kd3 Ke6 40. Nd1 Ke7 41. Nc3 Bc8 42. Nb1 Be6 43. Nd2 Kd7 44. a4 Kd8 45. Nb3 Kc8 46. Nxa5 Bd7 47. Nb3 Be6 48. Nc1 Kd7 49. Kc3 Ke7 50.
Nd3 Kf6 51. a5 Bc8 52. Nb4 Bb7 53. a6 Ba8 54. Kd3 Ke6 55. Ke2 Kf6 56. Kf2 Ke6 57. Nc2 Kf6 58. Na1 Ke6 59. Nb3 Kf6 60. Na5 Ke6 61.
Nb7 Ke7 62. Ke2 Kd7 63. Na5 Ke6 64. Nb3 Kd7 65. Kd3 Ke6 66. Kc3 Kd7 67. Kb4 Ke6 68.
Ka5 Kd7 69. Nd2 Ke6 70. Nb3 Kd7 71. Nc1 Ke6 72. Nd3 Kf6 73. a7 Bb7 74. a8=Q Bxa8 75. Ka6 h5 76. Ka7 hxg4 77. hxg4 Ke7 78. Kxa8 Kd7 79.
Kb7 1-0

[Event "Early-Titled-Tuesday-Blitz-September-12-2023"]
[Site "Chess.com"]
[Date "2023.09.12"]
[Round "1"]
[White "infinitegiantkiller"]
[Black "Vladimir_Zakhartsov"]
[Result "0-1"]
[WhiteElo "2494"]
[BlackElo "2892"]
[TimeControl "180+1"]
[EndTime "8:08:54 PDT"]
[Termination "Vladimir_Zakhartsov won by checkmate"]

1. Nf3 c5 2. g3 Nc6 3. Bg2 g6 4. O-O Bg7 5. c3 e5 6. d3 d5 7. e4 Nge7 8. Nbd2 O-O 9. a3 a5 10. a4 b6 11. exd5 Nxd5 12. Nc4 Bb7 13. Re1 Re8 14. Bg5 Qc7 15. Qd2 f6 16. Bh6 Rad8 17. Bxg7 Kxg7 18. Rad1 Nde7 19. Qc2 Ba6 20. Nfd2 Nf5 21.
Nf1 Nce7 22. Nfe3 Nxe3 23. Nxe3 Rd6 24. h4 Red8 25. Nc4 Bxc4 26. dxc4 Qd7 27. Bf3 Rd2 28. Rxd2 Qxd2 29. Re2 Qxc2 30. Rxc2 f5 31. b3 e4 32. Be2 Nc6 33. Kf1 Kf6 34. Ke1 Ne5 35. Rb2 Rd3 36. Rc2 Rd6 37. Rb2 Nc6 38. Rd2 Rxd2 39.
Kxd2 Ke5 40. Ke3 h6 41. f4+ exf3 42. Bxf3 Ne7 43. Bb7 g5 44. hxg5 hxg5 45. Kf3 Ng8 46. Ke3 Nf6 47. b4 Ne8 48. Kd3 Nd6 49. Bc6 axb4 50.
cxb4 cxb4 51. c5 bxc5 52. a5 c4+ 53. Kc2 Nc8 54. Bb7 Na7 55. Ba6 Kd4 56. Bb7 f4 57.
gxf4 gxf4 58. a6 Kc5 59. Kb2 b3 60. Kc3 Nb5+ 61. Kb2 Kb4 62. Bc6 c3+ 63. Kc1 b2+ 64. Kc2 Na3+ 65. Kd3 b1=Q+ 66. Ke2 Qc2+ 67. Kf3 Qd3+ 68.
Kg4 Qxa6 69. Bf3 Qd6 70. Kf5 c2 71. Ke4 c1=Q 72. Bd1 Qe3+ 73. Kf5 Qde6+ 74. Kg5 f3+ 75. Kh4 f2 76. Bg4 Q6h6+ 77. Bh5 f1=Q 78. Kg4 Qfh3# 0-1

[Event "Early-Titled-Tuesday-Blitz-September-12-2023"]
[Site "Chess.com"]
[Date "2023.09.12"]
[Round "1"]
[White "Arystanner"]
[Black "GamayevOleg"]
[Result "1-0"]
[WhiteElo "2838"]
[BlackElo "2473"]
[TimeControl "180+1"]
[EndTime "8:08:54 PDT"]
[Termination "Arystanner won by checkmate"]

1. d4 e6 2. c4 f5 3. Bf4 d5 4.
e3 c6 5. Nf3 Nf6 6. h3 Bd6 7.
Nc3 O-O 8. Be2 Qe7 9. O-O Nbd7 10. Rb1 Ne4 11. Qc2 Ndf6 12. Ne5 Bd7 13. Nd1 Ne8 14. f3 N4f6 15. Nf2 Nh5 16. Bh2 Nhf6 17. c5 Bc7 18. b4 a6 19. a4 Bc8 20. b5 axb5 21. axb5 Bxe5 22. Bxe5 Nd7 23. Bh2 e5 24. Rfe1 e4 25. bxc6 bxc6 26. fxe4 fxe4 27. Ng4 Nef6 28. Bd6 Qe6 29.
Bxf8 Nxf8 30. Nxf6+ Qxf6 31. Bf1 Qg5 32. Kh1 Ng6 33.
Qf2 Be6 34. Rb6 Rf8 35. Qe2 Bd7 36. Reb1 Nh4 37. Rb8 Be8 38. Qg4 Qf6 39. Be2 Nf5 40. Qf4 g5 41. Qe5 Qxe5 42. dxe5 Ng3+ 43. Kh2 Nxe2 44. e6 Bg6 45. R1b6 d4 46. e7 Rxb8 47. Rxb8+ Kg7 48. exd4 Nxd4 49. e8=Q Bxe8 50. Rxe8 Nb3 51.
Rxe4 Nxc5 52. Re5 Nd7 53. Rxg5+ Kf6 54. Rh5 Kg6 55. Ra5 Kf6 56. Kg3 Ne5 57. Kf4 Ng6+ 58.
Ke4 Ne7 59. Rh5 Kg6 60. Rc5 Kf6 61. g4 h6 62. h4 Ke6 63. Rh5 Ng8 64. Kf4 Kd6 65.
Ra5 c5 66. Ra6+ Kd5 67. Rg6 Ne7 68. Rxh6 c4 69. Ke3 Ke5 70. Rh5+ Ke6 71. Rc5 Nd5+ 72. Kd4 Nf4 73. Rxc4 Kf6 74. Rc6+ Kg7 75. Ke4 Ng2 76. h5 Ne1 77. Kf4 Nd3+ 78. Kg5 Ne5 79. Rc7+ Kg8 80.
Kf5 Nf3 81. Kf6 Nh2 82. g5 Ng4+ 83. Ke6 Kh8 84. h6 Nf2 85. g6 Ne4 86. Rc8# 1-0

[Event "Early-Titled-Tuesday-Blitz-September-12-2023"]
[Site "Chess.com"]
[Date "2023.09.12"]
[Round "1"]
[White "Predator0608"]
[Black "jens1102"]
[Result "0-1"]
[WhiteElo "2321"]
[BlackElo "2688"]
[TimeControl "180+1"]
[EndTime "8:08:57 PDT"]
[Termination "jens1102 won by resignation"]

1. f4 d5 2. Nf3 c6 3. g3 Bg4 4. Bg2 Nd7 5. O-O e6 6. d3 h5 7. e4 h4 8. h3 dxe4 9. hxg4 exf3 10. Qxf3 Bc5+ 11. Be3 Qb6 12. Bxc5 Qxc5+ 13. Qf2 hxg3 14. Qxc5 Nxc5 15. Rf3 Nf6 16. Rxg3 Rh4 17. Bf3 O-O-O 18. Nc3 Rdh8 19. Kf2 Nd5 20. Nxd5 cxd5 21. d4 Na4 22. c4 Rh2+ 23. Rg2 dxc4 24. b3 Rxg2+ 25. Bxg2 Nb6 26. bxc4 Nxc4 27. Rc1 b5 28. a4 a6 29. axb5 axb5 30. Bc6 Rh2+ 31. Kg3 Rb2 32. Bxb5 Rxb5 33. Rxc4+ Kd7 34.
Kf3 Rb3+ 35. Ke4 f6 36. Ra4 Rb7 37. d5 exd5+ 38. Kxd5 Rb5+ 39. Ke4 Ke6 40. Ra6+ Kf7 41. Ra7+ Kg6 42. Kf3 Rb3+ 43. Kg2 Rc3 44. Rb7 Ra3 45. Kf2 Rc3 46. Ra7 Kh7 47. Kg2 Kh6 48. Kf2 g5 49. f5 Rc4 50. Kg3 Rc3+ 51. Kf2 Rc2+ 52. Kg3 Rc6 53. Rf7 Rb6 54. Kf2 Ra6 55. Ke3 Rb6 56.
Kd3 Ra6 57. Kc3 Rb6 58. Kc4 Ra6 59. Kb5 Rd6 60. Kc5 Ra6 61. Kd5 Rb6 62. Re7 Rb4 63. Ke6 Rxg4 64. Kxf6 Rg1 65. Re8 Kh7 66. Re7+ Kh6 67.
Re8 Kh7 68. Kf7 g4 69. f6 g3 70. Re3 Kh6 71. Ke8 g2 72. Rg3 Re1+ 73. Kf8 g1=Q 74. Rxg1 Rxg1 75. f7 Kg6 76. Kg8 Kf6+ 77. Kf8 Rg7 78. Ke8 Rxf7 0-1